 Dungeon Crawl Stone Soup version 0.26-a0-70-g31f1466007 (webtiles) character file.

Game seed: 16223347776035445981

325 Arctilankyr the Skirmisher (level 6, 0/49 HPs)
             Began as a Demonspawn Berserker on June 14, 2020.
             Was a Priest of Trog.
             Killed by vampiric draining
             ... invoked by Turtleman12345's ghost
              (5 damage)
             ... on level 4 of the Dungeon.
             The game lasted 00:11:41 (2197 turns).

Arctilankyr the Skirmisher (Demonspawn Berserker)   Turns: 2197, Time: 00:11:42

Health: 0/49       AC:  9    Str: 19    XL:     6   Next: 24%
Magic:  6/6        EV:  8    Int:  9    God:    Trog [***...]
Gold:   144        SH:  0    Dex: 12    Spells: 5/5 levels left

rFire    . . .     SeeInvis .   a - +0 hand axe
rCold    . . .     Gourm    .   (no shield)
rNeg     . . .     Faith    .   d - +0 chain mail
rPois    .         Spirit   .   (helmet restricted)
rElec    .         Reflect  .   (no cloak)
rCorr    .         Harm     .   (no gloves)
MR       .....                  (no boots)
Stlth    ..........             (no amulet)
HPRegen  0.16/turn              (no ring)
MPRegen  0.10/turn              (no ring)

@: no status effects
A: antennae 2, powered by pain 1
a: Berserk, Trog's Hand, Renounce Religion


You were on level 4 of the Dungeon.
You worshipped Trog.
Trog was most pleased with you.
You were not hungry.

You visited 1 branch of the dungeon, and saw 4 of its levels.

You collected 144 gold pieces.

Inventory:

Hand Weapons
 a - a +0 hand axe (weapon)
Armour
 d - a +0 chain mail (worn)
Wands
 g - a wand of paralysis (12)
Scrolls
 b - a scroll of teleportation {unknown}
 e - a scroll of enchant armour {unknown}
 f - a scroll of remove curse {unknown}
 i - a scroll of magic mapping {unknown}
 k - a scroll of amnesia {unknown}
 m - 2 scrolls of identify
Potions
 h - a potion of flight {unknown}
 j - 2 potions of degeneration
 l - 2 potions of curing
Comestibles
 c - 4 rations


   Skills:
 * Level 4.5 Fighting
 + Level 4.5 Axes
 * Level 3.2 Armour
 - Level 2.3 Dodging


You had 5 spell levels left.
You didn't know any spells.
Your spell library was empty.

Dungeon Overview and Level Annotations

Branches:
Dungeon (4/15)
 Temple: D:4-7

Altars:
Kikubaaqudgha
The Shining One

Annotations:
D:4 Turtleman12345's ghost, amateur DsNe


Innate Abilities, Weirdness & Mutations

You have a pair of antennae on your head.
You sometimes gain a little power by taking damage.


Message History

You hit Turtleman12345's ghost but do no damage.
Turtleman12345's ghost is heavily damaged.
Turtleman12345's ghost hits you but does no damage.
You hit Turtleman12345's ghost but do no damage.
Turtleman12345's ghost is heavily damaged.
Turtleman12345's ghost closely misses you.
You slash Turtleman12345's ghost!
Turtleman12345's ghost is severely damaged.
Turtleman12345's ghost hits you but does no damage.
Turtleman12345's ghost is infused with unholy energy.
* * * LOW HITPOINT WARNING * * *
Turtleman12345's ghost draws life force from you and is healed!
You miss Turtleman12345's ghost.
Turtleman12345's ghost is heavily damaged.
Turtleman12345's ghost hits you but does no damage.
Your chain mail prevents you from hitting Turtleman12345's ghost.
Turtleman12345's ghost is heavily damaged.
Turtleman12345's ghost whispers, "It is all a dream - a grotesque and foolish dream."
Turtleman12345's ghost is infused with unholy energy.
You die...

#≈≈≈# .. #####
#≈!≈####'###
#...#
#≈≈≈#.......
#.#.#
#≈≈≈#.......
#.#.#
#≈≈≈#.......
#.#.#
#≈≈S#.......
#.#.#
##W##.......
#.#.#
#..@†.......
#.#.#
##.#)....##.
#.#.#####...#####
#.#.[...÷...#
#.########### #.#
#.# #.# #.#


You could see Turtleman12345's ghost and a ball python.

Vanquished Creatures
  A howler monkey (D:4)
  A crimson imp (D:4)
  A hound (D:4)
  An orc wizard (D:4)
  Jessica (D:2)
  A river rat (D:4)
  7 adders
  A shadow imp (D:3)
  An adder skeleton (D:2)
  A dart slug (D:1)
  2 worms
  4 orcs
  A ball python (D:3)
  8 giant cockroaches
  6 goblins
  9 hobgoblins
  6 jackals
  6 kobolds
  7 bats
  9 frilled lizards
  A goblin skeleton (D:4)
  A goblin zombie (D:4)
  2 hobgoblin zombies (D:4)
  A kobold zombie (D:4)
  An orc skeleton (D:4)
  An orc zombie (D:4)
  6 rats
87 creatures vanquished.

Notes
Turn   | Place    | Note
-------+----------+-------------------------------------------
     0 | D:1      | Arctilankyr the Demonspawn Berserker began the quest for
                  | the Orb.
     0 | D:1      | Reached XP level 1. HP: 18/18 MP: 1/1
   101 | D:1      | Gained mutation: You have a pair of small antennae on your
                  | head. [demonic ancestry]
   101 | D:1      | Reached XP level 2. HP: 6/24 MP: 2/2
   143 | D:1      | HP: 1/24 [dart slug (1)]
   456 | D:1      | Reached ** piety under Trog
   549 | D:1      | Reached XP level 3. HP: 21/29 MP: 3/3
   781 | D:2      | Noticed Jessica
   789 | D:2      | Killed Jessica
   793 | D:2      | Reached XP level 4. HP: 29/37 MP: 4/4
  1550 | D:3      | Reached *** piety under Trog
  1790 | D:3      | Gained mutation: You sometimes gain a little power by
                  | taking damage. [demonic ancestry]
  1790 | D:3      | Reached XP level 5. HP: 42/42 MP: 5/5
  1902 | D:4      | Found an ancient bone altar of Kikubaaqudgha.
  1916 | D:4      | Found a glowing golden altar of the Shining One.
  2132 | D:4      | Found a runed translucent door.
  2132 | D:4      | Noticed Turtleman12345's ghost (amateur DsNe)
  2141 | D:4      | Gained mutation: You have a pair of antennae on your head.
                  | [demonic ancestry]
  2141 | D:4      | Reached XP level 6. HP: 36/49 MP: 6/6
  2197 | D:4      | Killed from afar by Turtleman12345's ghost

Illustrated notes

Levels and vault maps discovered:
D:1:      minmay_arrival_four_houses, layout_rooms, hangedman_decor_growths
D:2:      layout_loops_ring, lemuel_coloured_pillars_altar, minmay_ruptured,
          uniq_jessica
D:3:      layout_loops_ring
D:4:      layout_basic, kiku_gazebo_pond_becter, first_ration,
          ebering_ghost_sewer_f, nicolae_tso_besieged_by_evil

Skill      XL: |  1  2  3  4  5 |
---------------+----------------+-----
Axes           | 3 4 |  4.5
Dodging        | 2 |  2.3
Armour         | 2 3 |  3.2
Fighting       | 4 |  4.5

Action                   |  1- 3 |  4- 6 || total
-------------------------+-------+-------++-------
Melee: Hand axe          |   127 |   273 ||   400
Invok: Berserk           |     2 |       ||     2
  Use: Scroll            |     1 |     1 ||     2
  Eat: Chunk             |     1 |     2 ||     3
       Ration            |       |     1 ||     1
Armor: Animal skin       |    14 |       ||    14
       Chain mail        |    15 |   156 ||   171
       Ring mail         |     4 |       ||     4
Dodge: Dodged            |    82 |   120 ||   202

Table legend:
 A = Non-vault XP
 B = Vault XP
 C = Vault XP percentage of total XP
 D = Non-vault monster count
 E = Vault monster count
 F = Vault count percentage of total count
                 A         B        C        D         E       F
            +---------+---------+-------+---------+---------+-------
      Total |     355 |     110 |  23.7 |      74 |      13 |  14.9
            +---------+---------+-------+---------+---------+-------
        D:1 |      45 |       0 |   0.0 |      25 |       0 |   0.0
        D:2 |      35 |      41 |  53.9 |      12 |       4 |  25.0
        D:3 |     106 |       0 |   0.0 |      29 |       0 |   0.0
        D:4 |     169 |      69 |  29.0 |       8 |       9 |  52.9
            +---------+---------+-------+---------+---------+-------
